 Dungeon Crawl Stone Soup version bcrawl-1.13.2 (webtiles) character file.

Game seed: 13803480775473695286

231 Felnil the Shield-Bearer (level 5, 0/34 HPs)
             Began as a Skeleton Fighter on Aug 11, 2019.
             Was an Initiate of Okawaru.
             Slain by an orc wizard
             ... wielding a +0 dagger
              (2 damage)
             ... on level 3 of the Dungeon.
             The game lasted 00:06:52 (3086 turns).

Felnil the Shield-Bearer (Skeleton Fighter)         Turns: 3086, Time: 00:06:53

Health: 0/34       AC:  7    Str: 23      XL:     5   Next: 73%
Magic:  0/5        EV:  8    Int:  7      God:    Okawaru [......]
Gold:   99         SH: 11    Dex:  7 (8)  Spells: 4/4 levels left

rFire    . . .     SeeInvis .   a - +0 war axe
rCold    + . .     Gourm    .   c - +1 shield
rNeg     + + +     Faith    +   b - +0 scale mail
rPois    ∞         Spirit   +   (no helmet)
rElec    .         Reflect  .   (no cloak)
rCorr    .         Harm     .   (no gloves)
MR       .....                  (no boots)
Stlth    ..........             h - amulet of faith
HPRegen  0.11/turn              g - ring of wizardry
MPRegen  0.09/turn              (no ring)

@: no status effects
A: no food or potions, cold resistance 1, deterioration 1, negative energy
resistance 3, torment resistance, unbreathing, magic shield, sturdy frame 1,
spell healing
a: Renounce Religion


You were on level 3 of the Dungeon.
You worshipped Okawaru.
Okawaru was noncommittal.
You were not hungry.

You visited 1 branch of the dungeon, and saw 3 of its levels.

You collected 99 gold pieces.

Inventory:

Hand Weapons
 a - a +0 war axe (weapon)
Armour
 b - a +0 scale mail (worn)
 c - a +1 shield (worn)
Jewellery
 g - a ring of wizardry (left hand)
 h - an amulet of faith (around neck)
Scrolls
 e - 2 scrolls of fear


   Skills:
 + Level 4.4 Fighting
 - Level 2.4 Axes
 + Level 4.9 Armour
 + Level 5.4 Shields


You had 4 spell levels left.
You didn't know any spells.
Your spell library was empty.

Dungeon Overview and Level Annotations

Branches:
Dungeon (3/12)

Altars:
Makhleb
Okawaru
Vehumet
Wu Jian
Xom


Innate Abilities, Weirdness & Mutations

You do not eat or drink.
You are immune to poison.
Your flesh is cold resistant. (rC+)
Your body sometimes deteriorates upon taking damage.
You are immune to negative energy. (rN+++)
You are immune to unholy pain and torment.
You can survive without breathing.
When hurt, damage is shared between your health and your magic reserves.
Your movements are slightly less encumbered by armour. (ER -2)
Casting spells heals you.


Message History

* * * LOW HITPOINT WARNING * * *
You block the orc priest's attack.
You closely miss the orc priest.
The orc priest is lightly wounded.
Your shield prevents you from hitting the orc wizard.
The orc wizard hits you but does no damage.
You block the orc priest's attack.
The orc wizard hits you but does no damage.
You slash the orc priest!
The orc priest is severely wounded.
You closely miss the orc wizard. You block the orc priest's attack.
The orc wizard hits you with a +0 dagger.
* * * LOW HITPOINT WARNING * * *
The orc priest hits you with a +0 mace.
* * * LOW HITPOINT WARNING * * *
You closely miss the orc priest.
The orc priest is severely wounded.
You closely miss the orc wizard.
The orc wizard hits you with a +0 dagger.
You die...

#....)).......?......>.....
#...$......#.##............
#..........#.##............
..........................##
...........#...#........#.#
...........#...#........#.#
.........%.#.....##.....#.#
...........o.....##.#####.##
........$.o@).#####.#####...
..........##).........#####
.........$#.##.##....# #
............#)###########
......#....#)####.......
.....##....#.....###.##.
....# #....#.....###.##.
...# #....#.........##.
##.........#......


You could see an orc priest and an orc wizard.

Vanquished Creatures
  A centaur (D:3)
  A hound (D:3)
  An ooze (D:2)
  5 worms
  3 dart slugs
  7 leopard geckos
  10 orcs (D:3)
  2 ball pythons
  10 bats
  3 giant cockroaches
  10 hobgoblins
  6 jackals
  3 frilled lizards (D:1)
  3 goblins
  9 kobolds
  3 rats
77 creatures vanquished.

Notes
Turn   | Place    | Note
-------+----------+-------------------------------------------
     0 | D:1      | Felnil the Skeleton Fighter began the quest for the Orb.
     0 | D:1      | Reached XP level 1. HP: 14/14 MP: 1/1
   419 | D:1      | Reached XP level 2. HP: 16/19 MP: 2/2
   475 | D:1      | Reached skill level 4 in Shields
  1055 | D:2      | Reached XP level 3. HP: 22/23 MP: 3/3
  1079 | D:2      | Found an ornate altar of the Wu Jian Council.
  1096 | D:2      | Found a radiant altar of Vehumet.
  1796 | D:2      | Reached XP level 4. HP: 29/29 MP: 4/4
  1850 | D:2      | Found an iron altar of Okawaru.
  1864 | D:2      | Became a worshipper of Warmaster Okawaru
  2164 | D:2      | Found a burning altar of Makhleb.
  2168 | D:2      | Found a shimmering altar of Xom.
  2597 | D:3      | Found a faded altar of an unknown god.
  2961 | D:3      | Reached skill level 5 in Shields
  2967 | D:3      | Reached XP level 5. HP: 25/33 MP: 5/5
  3032 | D:3      | Noticed a centaur
  3042 | D:3      | Killed a centaur
  3086 | D:3      | Slain by an orc wizard

Skill      XL: |  1  2  3  4 |
---------------+-------------+-----
Shields        | 4 5 |  5.4
Armour         | 4 |  4.9
Fighting       | 4 |  4.4
Axes           | |  2.4

Action                   |  1- 3 |  4- 6 || total
-------------------------+-------+-------++-------
Melee: War axe           |   159 |    98 ||   257
  Use: Scroll            |       |     5 ||     5
Armor: Scale mail        |    64 |    44 ||   108
Dodge: Dodged            |    59 |    39 ||    98
Block: Shield            |    96 |    67 ||   163
